 Dungeon Crawl Stone Soup version 0.25-a0-834-g55863b0b92 (webtiles) character file.

Game seed: 13766709086974050969, levelgen mode: deterministic

1899 Lugonue the Slasher (level 9, 0/54 HPs)
             Began as a Tengu Fighter on Apr 22, 2020.
             Was a Follower of Elyvilon.
             Killed from afar by Erica (22 damage)
             ... with a bolt of poison
             ... on level 8 of the Dungeon.
             The game lasted 00:12:12 (7907 turns).

Lugonue the Slasher (Tengu Fighter)                 Turns: 7907, Time: 00:12:21

Health: 0/54       AC:  6    Str: 17    XL:     9   Next: 15%
Magic:  8/10       EV: 14    Int: 11    God:    Elyvilon [*.....]
Gold:   333        SH: 11    Dex: 14    Spells: 8/9 levels left

rFire    . . .     SeeInvis .   a - +1 long sword
rCold    + . .     Gourm    .   c - +1 kite shield
rNeg     . . .     Faith    .   y - +2 leather armour of Brilliance {rC+ MR++}
rPois    .         Spirit   .   (helmet restricted)
rElec    .         Reflect  .   (no cloak)
rCorr    .         Harm     .   u - +0 pair of gloves
MR       ++...                  (boots unavailable)
Stlth    ++........             p - amulet of rage
HPRegen  0.18/turn              (no ring)
MPRegen  0.12/turn              (no ring)

@: mighty, lethally poisoned (0 -> -18), flying quickly and evasively, very
slightly contaminated, quick
A: beak, talons 3, able to fly
a: Stop Flying, Lesser Healing, Divine Protection, Renounce Religion, Evoke
Berserk Rage


You were on level 8 of the Dungeon.
You worshipped Elyvilon.
Elyvilon was aware of your devotion.
You were not hungry.

You visited 1 branch of the dungeon, and saw 8 of its levels.

You collected 333 gold pieces.

Inventory:

Hand Weapons
 a - a +1 long sword (weapon)
Missiles
 s - 14 poisoned darts (quivered)
Armour
 c - a +1 kite shield (worn)
 q - a +0 scale mail
 u - a +0 pair of gloves (worn)
 y - the +2 leather armour of Brilliance (worn) {rC+ MR++}
   (You found it on level 5 of the Dungeon)

   It protects you from cold.
   It affects your resistance to hostile enchantments.
Jewellery
 p - an amulet of rage (around neck)
Wands
 b - a wand of digging (7)
 g - a wand of iceblast (11)
 A - a wand of paralysis (5)
Scrolls
 e - a scroll of enchant armour
 k - a scroll of identify
 m - 4 scrolls of amnesia
 n - a scroll of magic mapping
 o - a scroll of remove curse
Potions
 d - 2 potions of might
 h - a potion of invisibility {unknown}
 i - 2 potions of berserk rage
 j - 2 potions of resistance
 l - 8 potions of curing
 r - 3 potions of lignification
 t - a potion of brilliance {unknown}
 v - a potion of flight {unknown}
 w - 3 potions of stabbing
 x - a potion of degeneration {unknown}
 z - 3 potions of heal wounds
Comestibles
 f - 9 rations


   Skills:
 * Level 5.4 Fighting
 + Level 7.1 Long Blades
 + Level 5.2 Armour
 * Level 4.5 Dodging
 + Level 2.5 Stealth
 * Level 6.3 Shields
 + Level 0.6 Spellcasting
 + Level 1.0 Conjurations
 + Level 0.2 Evocations


You had 8 spell levels left.
You knew the following spells:

 Your Spells              Type           Power        Failure   Level  Hunger
a - Magic Dart            Conj           #...         63%         1    ##.....

Your spell library contained the following spells:

 Spells                   Type           Power        Failure   Level  Hunger
 Searing Ray              Conj           #.....       77%         2    ###....
 Dazzling Flash           Conj/Hex       #.....       97%         3    ####...
 Fulminant Prism          Conj/Hex       #.........   100%        4    #####..
 Iskenderun's Mystic Bla  Conj/Tloc      #.......     100%        4    #####..


Dungeon Overview and Level Annotations

Branches:
Dungeon (8/15)             Temple (0/1) D:7
   Lair: D:8-11

Altars:
Dithmenos
Elyvilon
Gozag
Hepliaklqana
Makhleb
Nemelex Xobeh
Sif Muna
Trog
Yredelemnul

Annotations:
D:8 Erica


Innate Abilities, Weirdness & Mutations

You have a beak for a mouth.
You have claws for feet.
You can fly continuously.


Message History

No target in view!
You miss something. You claw something. Something hits you.
Something burns you.
You miss something. Something hits you! Something burns you.
You slash something!
You hear some strange, mumbled words.
A bolt of poison appears from out of thin air!
The bolt of poison hits you!
You are poisoned.
You barely miss something. You peck something!
You feel sick. You block something's attack.
You miss something. Your kick misses something.
You feel sick. You block something's attack.
Your shield prevents you from hitting something.
Your kick misses something. Your peck misses something.
You feel sick.
You hear some strange, mumbled words.
A bolt of poison appears from out of thin air!
The bolt of poison hits you!!
You are more poisoned.
You die...

.. .. ..
#.###############
#.#........#....#
#.#.######.#.##.#
#.#.#...<#.#.##.#
#{@.....##.#.##.#
####.#####.#.##.#
#.....#.[....#
#####.###.####
#.# #.# #.###
##...### #......#


There were no monsters in sight!

Vanquished Creatures
  Duvessa (D:4)
  An orc warrior (D:6)
  An ice beast (D:7)
  2 phantoms
  A sky beast (D:7)
  A centaur (D:7)
  A bullfrog (D:8)
  A water moccasin zombie (D:7)
  Dowan (D:4)
  A howler monkey (D:5)
  A bullfrog zombie (D:5)
  A crimson imp (D:7)
  A quasit (D:6)
  A jelly (D:7)
  A hound (D:6)
  A centaur skeleton (D:6)
  8 orc priests
  3 iron imps (D:3)
  3 orc wizards
  An iguana (D:2)
  6 worker ants
  2 worker ant zombies
  7 gnolls
  10 adders
  2 oozes
  An adder zombie (D:5)
  2 worms (D:2)
  A dart slug (D:1)
  6 leopard geckos
  18 orcs
  2 giant cockroaches
  2 gnoll zombies (D:6)
  2 goblins
  8 hobgoblins
  4 jackals
  5 kobolds
  2 quokkas (D:7)
  9 bats
  5 frilled lizards
  10 rats
136 creatures vanquished.

Notes
Turn   | Place    | Note
-------+----------+-------------------------------------------
     0 | D:1      | Lugonue the Tengu Fighter began the quest for the Orb.
     0 | D:1      | Reached XP level 1. HP: 14/14 MP: 2/2
   103 | D:1      | Reached XP level 2. HP: 19/19 MP: 3/3
   573 | D:1      | Found an opulent altar of Gozag.
   574 | D:1      | Found a shimmering blue altar of Sif Muna.
   574 | D:1      | Found an opulent altar of Gozag.
   995 | D:2      | Reached XP level 3. HP: 23/23 MP: 4/4
  1062 | D:2      | Found a hazy altar of Hepliaklqana.
  1577 | D:2      | Reached skill level 3 in Long Blades
  1577 | D:2      | Reached XP level 4. HP: 19/28 MP: 5/5
  1895 | D:2      | Reached skill level 1 in Dodging
  2286 | D:2      | Gained mutation: You can fly continuously. [Tengu growth]
  2286 | D:2      | Reached XP level 5. HP: 32/32 MP: 6/6
  2901 | D:3      | Found a burning altar of Makhleb.
  2956 | D:3      | Reached XP level 6. HP: 25/38 MP: 7/7
  3169 | D:4      | Reached skill level 4 in Long Blades
  3407 | D:4      | Found a shadowy altar of Dithmenos.
  3617 | D:4      | Noticed Dowan
  3629 | D:4      | Killed Dowan
  3987 | D:4      | Found a sparkling altar of Nemelex Xobeh.
  3991 | D:4      | Noticed Duvessa
  4006 | D:4      | Killed Duvessa
  4006 | D:4      | Reached XP level 7. HP: 37/43 MP: 8/8
  4317 | D:4      | Reached skill level 5 in Shields
  4544 | D:5      | Entered Level 5 of the Dungeon
  4604 | D:5      | Reached skill level 5 in Long Blades
  4612 | D:5      | Reached skill level 5 in Armour
  4794 | D:5      | Got a warped leather armour
  4811 | D:5      | Identified the +2 leather armour of Brilliance {rC+ MR++}
                  | (You found it on level 5 of the Dungeon)
  5143 | D:5      | Reached XP level 8. HP: 12/48 MP: 9/9
  5625 | D:6      | Learned a level 1 spell: Magic Dart
  5950 | D:6      | Found a bloodstained altar of Trog.
  5964 | D:6      | Reached skill level 6 in Long Blades
  6498 | D:6      | Found a basalt altar of Yredelemnul.
  6602 | D:6      | Reached skill level 5 in Fighting
  6610 | D:6      | Found a white marble altar of Elyvilon.
  6662 | D:6      | Became a worshipper of Elyvilon the Healer
  6685 | D:7      | Found a staircase to the Ecumenical Temple.
  6691 | D:7      | Reached skill level 1 in Stealth
  7089 | D:7      | Reached XP level 9. HP: 54/54 MP: 10/10
  7263 | D:7      | Reached * piety under Elyvilon
  7514 | D:7      | Reached skill level 7 in Long Blades
  7887 | D:8      | Reached skill level 1 in Conjurations
  7890 | D:8      | Noticed Erica
  7907 | D:8      | Killed from afar by Erica

Levels and vault maps discovered:
D:1:      dpeg_arrival_water_altar, layout_loops_ring
D:2:      layout_basic, nicolae_overflow_crystal_walls
D:3:      minmay_chambers_of_twos, layout_rooms, demons_altar
D:4:      layout_layer_cave, old_standard_altar,
          nicolae_dithmenos_shadow_blocks, first_ration, uniq_duvessa
D:5:      layout_loops_ring
D:6:      layout_basic, nicolae_overflow_hidden_temple, lemuel_round_altar,
          lemuel_zombie_altar_yredelemnul
D:7:      layout_layer_cave, minmay_temple_entry_grid
D:8:      layout_basic, nicolae_ru_path_of_blood, due_lair_maze_entry_diamond,
          uniq_erica

Skill      XL: |  1  2  3  4  5  6  7  8  9 |
---------------+----------------------------+-----
Long Blades    | 3 4 5 6 7 |  7.1
Dodging        | 1 2 3 4 |  4.5
Shields        | 4 5 6 |  6.3
Armour         | 4 5 |  5.2
Fighting       | 4 5 |  5.4
Stealth        | 2 |  2.5
Conjurations   | 1 |  1.0
Spellcasting   | |  0.6
Evocations     | |  0.2

Action                   |  1- 3 |  4- 6 |  7- 9 || total
-------------------------+-------+-------+-------++-------
Melee: Long sword        |    74 |   136 |   237 ||   447
       Kick              |    15 |    33 |    75 ||   123
       Peck              |    12 |    14 |    48 ||    74
Throw: Dart              |       |    10 |     2 ||    12
 Cast: Magic Dart        |       |       |     7 ||     7
 Abil: Fly               |       |     1 |       ||     1
       Evoke Berserk Rag |       |     1 |       ||     1
Evoke: Wand              |       |       |     1 ||     1
  Use: Scroll            |       |     3 |    14 ||    17
       Potion            |       |     1 |     4 ||     5
 Stab: Paralysed         |       |       |     7 ||     7
       Sleeping          |       |       |     3 ||     3
  Eat: Chunk             |     2 |     6 |    10 ||    18
       Ration            |       |     1 |     1 ||     2
Armor: Scale mail        |    24 |    40 |    20 ||    84
       Leather armour    |       |       |    17 ||    17
Dodge: Dodged            |    19 |    39 |    82 ||   140
Block: Kite shield       |    35 |    60 |   122 ||   217
       Rpst.: Long sword |     8 |    15 |    28 ||    51

Table legend:
 A = Non-vault XP
 B = Vault XP
 C = Vault XP percentage of total XP
 D = Non-vault monster count
 E = Vault monster count
 F = Vault count percentage of total count
                 A         B        C        D         E       F
            +---------+---------+-------+---------+---------+-------
      Total |    2332 |     381 |  14.0 |     121 |      15 |  11.0
            +---------+---------+-------+---------+---------+-------
        D:1 |      31 |       0 |   0.0 |      15 |       0 |   0.0
        D:2 |     138 |       0 |   0.0 |      24 |       0 |   0.0
        D:3 |      60 |     159 |  72.6 |      13 |      11 |  45.8
        D:4 |     230 |     218 |  48.7 |      17 |       2 |  10.5
        D:5 |     598 |       0 |   0.0 |      20 |       0 |   0.0
        D:6 |     491 |       4 |   0.8 |      18 |       2 |  10.0
        D:7 |     694 |       0 |   0.0 |      13 |       0 |   0.0
        D:8 |      90 |       0 |   0.0 |       1 |       0 |   0.0
            +---------+---------+-------+---------+---------+-------
